AoeStats
← old f1sh

Arabia

509032272Analyzed
1v1 RM · 7d ago on Sep 25, 2026· 28m 29s· 2 players
Game mode
Random Map
Map size
Tiny (2 player)
Population
200
Speed
Normal
Resources
Standard
Victory
Conquest
Starting age
Dark Age
Ending age
Imperial Age
RankedLock teamsTeams togetherTeam positionsShared explorationLock speedFull tech treeHidden civsTurbo modeCheats
Victory
Defeat
🇦🇺 Japanese · Australia
1586
+20
🇨🇳 Varangians · China
1686
-20
DiddyBootyJackson
9:06 Loom
10:51 Feudal Age
15:09 Castle Age
17:25 Double-Bit Axe
18:44 Scale Mail Armor
24:33 Chain Mail Armor
old f1sh
6:09 Loom
9:06 Feudal Age
9:22 Man-at-Arms
9:49 Double-Bit Axe
10:34 Arson
20:36 Castle Age
19:28 Horse Collar
21:23 Bloodlines
21:33 Bow Saw
21:34 Scale Barding Armor
Connection lost

Rejoining the realm…

Still unreachable

The connection could not be restored.

Session expired

The server has moved on; the page needs a fresh start.